cohdb
Replays
Latest Replays
All Replays
Popular Replays
Top Player Replays
Match Explorer
How It Works
Community
CoH3 Stats
Reddit
Sign in to upload your games and track your stats! →
Sign in with Steam
Match 34228183
Unlisted
Match 34228183
Overview
Messages
Build Orders
End
Selects Advanced Infantry Battlegroup
Scout Squad
Construct Weapon Support Center
M1919 Machine Gun Team
Bazooka Squad
M1919 Machine Gun Team
Mechanized Support Center
Selects Artillery Observers
M16 Multiple Gun Motor Carriage
M3 Armored Personnel Carrier
Engineer Squad
Selects Convert to Ranger Squad
Designate Forward Repair Station
Construct Barracks
Ranger Squad
Construct Tank Depot
M4A1 Sherman Medium Tank
Selects M2A1 105mm Howitzer Emplacement
M4A1 Sherman Medium Tank
M4A1 76mm Conversion
Selects Frontline Medical Station
Frontline Medical Station
Improvised Armor
xiaomo
你这小魔,真令我欢喜
Flappy
ChronoWalker
Vasilisk
Bulletin of FAMILY VALUES
Ermac[Pointrunner]
Cul† | Bamboo
0
0
Comments
sign in to comment!
No comments posted yet!